 Dungeon Crawl Stone Soup version 0.24.0-123-gd5b16e6ec5 (webtiles) character file.

Game seed: 10305829781949574630, levelgen mode: deterministic

4466 Bergy the Basher (level 10, -2/84 HPs)
             Began as a Gargoyle Fighter on Dec 28, 2019.
             Was a Believer of Makhleb.
             Slain by a two-headed ogre
             ... wielding a +0 giant club
              (10 damage)
             ... on level 8 of the Dungeon.
             The game lasted 00:25:24 (8605 turns).

Bergy the Basher (Gargoyle Fighter)                 Turns: 8605, Time: 00:25:25

Health: -2/84      AC: 25    Str: 23    XL:     10   Next: 37%
Magic:  10/10      EV:  2    Int:  9    God:    Makhleb [**....]
Gold:   348        SH:  9    Dex:  9    Spells: 9/9 levels left

rFire    . . .     SeeInvis .   d - +4 mace
rCold    . . .     Gourm    .   c - +0 shield
rNeg     + + +     Faith    .   (armour currently unavailable)
rPois    ∞         Spirit   .   (helmet currently unavailable)
rElec    .         Reflect  .   (cloak currently unavailable)
rCorr    .         Harm     .   (gloves currently unavailable)
MR       .....     NoTele   +   (boots currently unavailable)
Stlth    +.........             (no amulet)
HPRegen  0.24/turn              u - +1 ring of evasion
MPRegen  0.12/turn              g - ring of positive energy

@: tree-form, very slightly contaminated, invisible
A: negative energy resistance 1, petrification resistance, rot immunity, AC +7
a: Minor Destruction, Renounce Religion


You were on level 8 of the Dungeon.
You worshipped Makhleb.
Makhleb was pleased with you.
You were not hungry.
You were a tree.
You visited 2 branches of the dungeon, and saw 9 of its levels.

You collected 348 gold pieces.

Inventory:

Hand Weapons
 d - a +4 mace (weapon)
 A - a +1 mace of holy wrath
Armour
 c - a +0 shield (worn)
 i - a +0 plate armour
 y - a +2 scale mail of poison resistance (melded)
Jewellery
 g - a ring of positive energy (right branch)
 u - a +1 ring of evasion (left branch)
Wands
 l - a wand of flame (12)
 q - a wand of random effects (14)
Scrolls
 h - a scroll of torment {unknown}
 k - a scroll of summoning {unknown}
 m - 4 scrolls of teleportation
 n - 2 scrolls of magic mapping
 o - 2 scrolls of remove curse
 p - a scroll of fog {unknown}
 r - a scroll of fear {unknown}
 w - 3 scrolls of identify
Potions
 s - a potion of agility {unknown}
 t - 2 potions of might
 v - a potion of flight
 x - 2 potions of haste
 z - a potion of ambrosia {unknown}
Comestibles
 b - 9 chunks of flesh
 f - 9 rations


   Skills:
 - Level 3.2 Fighting
 * Level 14.3 Maces & Flails
 - Level 3.2 Armour
 - Level 3.2 Shields


You had 9 spell levels left.
You didn't know any spells.
Your spell library was empty.

Dungeon Overview and Level Annotations

Branches:
Dungeon (8/15)             Temple (1/1) D:5
   Lair: D:8-11

Altars:
Ashenzari
Cheibriados
Dithmenos
Elyvilon
Fedhas
Gozag
Hepliaklqana
Kikubaaqudgha
Makhleb
Nemelex Xobeh
Okawaru
Qazlal
Ru
Sif Muna
Trog
Uskayaw
Vehumet
Wu Jian
Xom
Yredelemnul
Zin
The Shining One

Shops:
D:5 (

Annotations:
D:5 2 runed translucent doors, Alannah's ghost, amateur DsGl


Innate Abilities, Weirdness & Mutations

You are resistant to torment.
((Your stone body is resilient. (AC +7)))
You are immune to poison.
You resist negative energy. (rN+)
((You are resistant to electric shocks. (rElec)))
((You can survive without breathing.))
You are immune to petrification.
You are immune to rotting.


Message History

The two-headed ogre hits you with a +0 giant club.
* * * LOW HITPOINT WARNING * * *
The two-headed ogre hits you but does no damage.
You feel better.
You hit the two-headed ogre.
The two-headed ogre is almost dead.
The two-headed ogre hits you with a +0 giant club!
* * * LOW HITPOINT WARNING * * *
The two-headed ogre hits you but does no damage.
It was a potion of invisibility.
You fade into invisibility!
You block the two-headed ogre's attack. x2
You are very lightly contaminated with residual magic.
Your shield prevents you from hitting the two-headed ogre.
The two-headed ogre is almost dead.
You completely miss the two-headed ogre.
The two-headed ogre is almost dead.
The two-headed ogre hits you but does no damage.
The two-headed ogre hits you with a cursed -1 giant spiked club!
You die...

#.#.#.h#y# #.#
#.##..#...# #..
###.#.#.h#.#O #.#
####...#..#..#S.#..#
###......##..#...#..#
#.........##..#.#Sy##
#..........##..#ys##
##..........###O###
##........##.♣#..##
##......##.##.##.##
##....##..##.##..#
##...#.##..#..# .#
###.#.##..#..##.# #
#.# ..##.##..# ..#
#÷#.##..#..##.#
....###)#. #..#..# .#
......#÷##..##.##..#


You could see a two-headed ogre, a scorpion, 2 killer bees and an adder.

Vanquished Creatures
  A two-headed ogre (D:8)
  Sigmund (D:2)
  Eustachio (D:5)
  Duvessa (D:6)
  A sky beast (D:6)
  2 orc warriors
  A hornet zombie (D:8)
  2 ice beasts
  2 ogres
  2 phantoms
  4 centaurs
  2 bullfrogs (D:6)
  A wyvern skeleton (D:6)
  A water moccasin zombie (D:5)
  Dowan (D:6)
  A scorpion (D:5)
  7 killer bees
  4 wights (D:7)
  A howler monkey (D:6)
  4 bullfrog zombies
  A crimson imp (D:6)
  A quasit (D:7)
  2 centaur zombies
  2 bullfrog skeletons
  An orc priest (D:7)
  A hound (D:8)
  Crazy Yiuf (D:6)
  2 centaur skeletons (D:4)
  5 orc wizards
  3 iguanas
  Natasha (thrice) (D:2)
  7 worker ants
  3 hound zombies
  2 worker ant zombies
  15 gnolls
  10 adders
  A shadow imp (D:6)
  3 adder zombies
  5 adder skeletons
  2 worms
  3 dart slugs
  7 leopard geckos
  15 orcs
  7 bats
  9 giant cockroaches
  7 goblins
  7 hobgoblins
  14 jackals
  A quokka (D:4)
  2 ball pythons
  6 frilled lizards
  A jackal skeleton (D:4)
  A jackal zombie (D:4)
  9 kobolds
  3 leopard gecko skeletons
  A leopard gecko zombie (D:4)
  2 quokka skeletons (D:4)
  2 quokka zombies
  A rat (D:1)
208 creatures vanquished.

Notes
Turn   | Place    | Note
-------+----------+-------------------------------------------
     0 | D:1      | Bergy the Gargoyle Fighter began the quest for the Orb.
     0 | D:1      | Reached XP level 1. HP: 14/14 MP: 1/1
   122 | D:1      | Reached XP level 2. HP: 19/19 MP: 2/2
   331 | D:1      | Reached skill level 3 in Maces & Flails
   700 | D:1      | Reached XP level 3. HP: 21/23 MP: 3/3
  1049 | D:2      | Noticed Natasha
  1062 | D:2      | Killed Natasha
  1062 | D:2      | Reached skill level 4 in Maces & Flails
  1062 | D:2      | Reached XP level 4. HP: 28/28 MP: 4/4
  1334 | D:2      | Reached skill level 5 in Maces & Flails
  1334 | D:2      | Reached XP level 5. HP: 23/32 MP: 5/5
  1382 | D:2      | Noticed Natasha
  1405 | D:2      | Killed Natasha
  1512 | D:2      | Noticed Sigmund
  1529 | D:2      | Killed Sigmund
  1529 | D:2      | Reached skill level 6 in Maces & Flails
  1529 | D:2      | Reached XP level 6. HP: 15/37 MP: 6/6
  1840 | D:2      | Noticed Natasha
  1861 | D:2      | Killed Natasha
  2269 | D:3      | Found a faded altar of an unknown god.
  2441 | D:3      | Reached skill level 7 in Maces & Flails
  2748 | D:3      | Found a basalt altar of Yredelemnul.
  2952 | D:4      | Reached XP level 7. HP: 38/41 MP: 7/7
  3081 | D:4      | Reached skill level 8 in Maces & Flails
  3509 | D:4      | Reached skill level 9 in Maces & Flails
  3635 | D:4      | Reached XP level 8. HP: 46/46 MP: 8/8
  3893 | D:5      | Entered Level 5 of the Dungeon
  4137 | D:5      | Found a staircase to the Ecumenical Temple.
  4162 | Temple   | Entered the Ecumenical Temple
  4440 | Temple   | Became a worshipper of Makhleb the Destroyer
  4602 | D:5      | Reached skill level 10 in Maces & Flails
  4658 | D:5      | Noticed Eustachio
  4805 | D:5      | Found a large runed translucent door.
  4807 | D:5      | Found a large runed translucent door.
  4810 | D:5      | Noticed Alannah's ghost (amateur DsGl)
  5244 | D:5      | Killed Eustachio
  5311 | D:5      | Found Wuim's Weapon Shoppe.
  5834 | D:6      | Noticed Duvessa
  5834 | D:6      | Noticed Dowan
  5844 | D:6      | Reached * piety under Makhleb
  5874 | D:6      | Killed Duvessa
  5874 | D:6      | Reached skill level 11 in Maces & Flails
  5874 | D:6      | Reached XP level 9. HP: 39/51 MP: 9/9
  5897 | D:6      | Killed Dowan
  6229 | D:6      | Reached skill level 12 in Maces & Flails
  6372 | D:6      | Found a runed translucent door.
  6373 | D:6      | Noticed Crazy Yiuf
  6537 | D:6      | Killed Crazy Yiuf
  7605 | D:7      | Reached skill level 13 in Maces & Flails
  7621 | D:7      | Reached ** piety under Makhleb
  7942 | D:7      | Reached XP level 10. HP: 56/56 MP: 10/10
  8572 | D:8      | Noticed a two-headed ogre
  8572 | D:8      | Noticed a two-headed ogre
  8592 | D:8      | Killed a two-headed ogre
  8592 | D:8      | Reached skill level 14 in Maces & Flails
  8605 | D:8      | Slain by a two-headed ogre

Levels and vault maps discovered:
D:1:      dpeg_arrival_line_fractal, layout_loops_ring, chequers_big_river
D:2:      layout_loops_ring, uniq_sigmund, uniq_natasha
D:3:      kennysheep_big_flooded_room, layout_rooms, lemuel_doored_altar,
          chequers_ecumenical_altar_simple_redux
D:4:      layout_loops_ring, serial_undead, serial_undead_f, serial_undead_d,
          serial_undead_a, serial_undead_f, serial_undead_d, serial_undead_a
D:5:      layout_gridville, minmay_temple_entry_tees, serial_shops,
          nicolae_shop_behind_doors, ebering_ghost_disaster_area, first_ration,
          serial_glass, glass_columns_b, glass_columns_a, uniq_eustachio
D:6:      layout_rooms, minmay_misc_feat_ornament, uniq_crazy_yiuf_cottage,
          uniq_duvessa
D:7:      layout_basic, eino_tiny_chamber
D:8:      minmay_the_grid_octo_2x2 [minmay_the_grid_octo_checkerflower,
          minmay_the_grid_octo_thin_diamonds, minmay_the_grid_octo_odd_swirl,
          minmay_the_grid_octo_prize_square_snowflake], layout_cave_pods,
          hangedman_ranch [blue_anna_fruit_fields]
Temple:   regret_index_temple_sigil_plot

Skill      XL: |  1  2  3  4  5  6  7  8  9 10 |
---------------+-------------------------------+-----
Maces & Flails | 3 4 5 6 7 9 11 13 14 | 14.3
Fighting       | |  3.2
Armour         | |  3.2
Shields        | |  3.2

Action                   |  1- 3 |  4- 6 |  7- 9 | 10-12 || total
-------------------------+-------+-------+-------+-------++-------
Melee: Flail             |   106 |    66 |       |       ||   172
       Whip              |       |   148 |   461 |       ||   609
       Mace              |       |       |   217 |   117 ||   334
  Use: Potion            |       |     1 |     3 |     3 ||     7
       Scroll            |       |     5 |     5 |       ||    10
  Eat: Chunk             |       |     7 |     5 |       ||    12
       Ration            |       |       |     4 |       ||     4
Armor: Scale mail        |    67 |    92 |   304 |    45 ||   508
       Skin              |       |       |    21 |     9 ||    30
Dodge: Dodged            |    36 |    35 |   196 |    22 ||   289
Block: Shield            |    81 |    87 |   289 |    39 ||   496
